 Dungeon Crawl Stone Soup version 0.20-a0 (webtiles) character file.

14179 spe3d0 the Slicer (level 11, -4/112 HPs)
             Began as a Demonspawn Fighter on Oct 28, 2016.
             Was a High Priest of Okawaru.
             Slain by a minotaur
             ... wielding a cursed -2 mace
              (24 damage)
             ... in a labyrinth.
             The game lasted 00:52:15 (14223 turns).

spe3d0 the Slicer (Demonspawn Fighter)             Turns: 14223, Time: 00:52:15

Health: -4/112     AC: 25    Str: 13 (16) XL:     11   Next: 85%
Magic:  20/20      EV:  2    Int: 12 (15) God:    Okawaru [*****.]
Gold:   631        SH: 15    Dex: 13 (16) Spells: 0 memorised, 10 levels left

rFire  . . .     SeeInvis +     z - +4 rapier (venom)
rCold  + . .     Gourm    .     (armour currently unavailable)
rNeg   + + +     Faith    .     d - +4 shield
rPois  +         Spirit   .     (helmet currently unavailable)
rElec  .         Reflect  .     (cloak currently unavailable)
rCorr  .         Harm     .     (gloves currently unavailable)
MR     .....     Clarity  +     (boots currently unavailable)
Stlth  +......... NoTele   +    g - amulet of regeneration
                                W - ring of magical power
                                C - ring of protection from cold

@: brilliant, tree-form
A: (claws 0), see invisible, clarity, (cold resistance 0), (fire resistance 0),
sense surroundings 1, screaming 1, (electricity resistance), (spiny 0), freezing
cloud immunity, subdued magic 1, (sanguine armour 0)
a: Heroism, Finesse, Renounce Religion


You were in a labyrinth.
You worshipped Okawaru.
Okawaru was extremely pleased with you.
You were not hungry.
You were a tree.
You visited 2 branches of the dungeon, and saw 13 of its levels.
You visited the Abyss 1 time.
You also visited: Labyrinth.

You collected 631 gold pieces.


Innate Abilities, Weirdness & Mutations

((You have very sharp fingernails.))
((Your flesh is cold resistant. (rC+)))
((You are mostly covered in sharp spines.))
You are immune to freezing clouds.
((When seriously injured, your bleeding wounds create armour. (AC +0)))
You have supernaturally acute eyesight. (SInv)
You possess an exceptional clarity of mind.
((Your flesh is heat resistant. (rF+)))
You passively map a small area around you.
You occasionally shout uncontrollably at your foes.
((You are resistant to electric shocks. (rElec)))
Your spells are a little easier to cast, but a little less powerful.


   Skills:
 - Level 3.0 Fighting
 * Level 10.6 Short Blades
 * Level 10.5 Armour
 * Level 10.5 Shields


You had 10 spell levels left.
You didn't know any spells.

Inventory:

Hand Weapons
 z - a +4 rapier of venom (weapon)
Missiles
 F - 6 curare-tipped needles {=f}
 I - 7 steel tomahawks (quivered)
Armour
 b - a +0 scale mail (melded)
 d - a +4 shield (worn)
 B - the cursed +0 helmet of Music (melded) {rCorr Str+2 Int+2 Dex-3}
   (You found it on level 6 of the Dungeon)

   It affects your strength (+2).
   It affects your intelligence (+2).
   It affects your dexterity (-3).
   It protects you from acid and corrosion.
   It has a curse placed upon it.
 E - a +2 pair of gloves of dexterity (melded)
 J - a +0 pair of boots (melded)
 K - a +0 helmet
Jewellery
 c - an uncursed ring of ice
 g - an amulet of regeneration (around neck)
 C - a ring of protection from cold (left branch)
 W - a ring of magical power (right branch)
Wands
 a - a wand of confusion (31/48)
 r - a wand of enslavement (11/24)
 v - a wand of slowing (19/48)
 x - a wand of lightning (8/15)
 R - a wand of flame (36/48)
 Y - a wand of disintegration (10/24)
Scrolls
 e - 2 scrolls of teleportation {@r4}
 h - 9 scrolls of identify {@r1}
 i - 6 scrolls of noise {unknown}
 l - 2 scrolls of recharging {unknown}
 q - 3 scrolls of remove curse {@r2}
 A - a scroll of magic mapping {unknown}
 D - a scroll of immolation {!r}
 L - 2 scrolls of holy word {unknown}
 O - 2 scrolls of blinking {unknown}
 U - a scroll of acquirement {unknown}
Potions
 j - 4 potions of curing {@q1}
 m - a potion of magic
 n - 2 potions of mutation {!q}
 t - 2 potions of degeneration {!q}
 u - 3 potions of brilliance
 w - 2 potions of flight
 M - a potion of beneficial mutation
 N - a potion of lignification {!q}
Books
 y - a book of Minor Magic

   Spells                             Type                      Level
   a - Magic Dart                     Conjuration                  1
   b - Blink                          Translocation                2
   c - Call Imp                       Summoning                    2
   d - Repel Missiles                 Charms/Air                   2
   e - Slow                           Hexes                        2
   f - Conjure Flame                  Conjuration/Fire             3
   g - Mephitic Cloud                 Conjuration/Poison/Air       3
 H - a book of Debilitation

   Spells                             Type                      Level
   a - Corona                         Hexes                        1
   b - Slow                           Hexes                        2
   c - Gell's Gravitas                Hexes/Translocation          3
   d - Inner Flame                    Hexes/Fire                   3
   e - Cause Fear                     Hexes                        4
   f - Leda's Liquefaction            Hexes/Earth                  4
Comestibles
 f - 3 bread rations {@e1}
 k - 8 slices of pizza {@e2}
 o - 10 fruits {@e2}
 p - 4 meat rations {@e1}
 s - 6 beef jerkies {@e2}

Dungeon Overview and Level Annotations

Branches:
Dungeon (12/15)            Temple (1/1) D:4            Lair (0/6) D:11
    Orc (0/2) D:10

Altars:
Ashenzari
Cheibriados
Dithmenos
Elyvilon
Hepliaklqana
Kikubaaqudgha
Makhleb
Nemelex Xobeh
Okawaru
Ru
Sif Muna
Trog
Vehumet
Xom
Yredelemnul
Zin
The Shining One

Shops:
D:10 *(

Annotations:
D:10 1 runed door

▓ ▓▓ ▓▓▓▓▓▓▓▓▓▓▓▓▓▓
.
....#.<..H♣.......#
# # #.#####.###.###
#. .# #..... # . .#
##### #.#.# . . #.
.#.# ### .#.#.#.###
# .# ... #. . # .#
# # ## ## . .


You could see a minotaur.


Message History

The minotaur is heavily wounded.
You block the minotaur's attack. The minotaur completely misses you.
The minotaur hits you but does no damage.
You block the minotaur's attack. You block the minotaur's attack. x2
The minotaur hits you with a mace.
* * * LOW HITPOINT WARNING * * *
You block the minotaur's attack.
The minotaur hits you but does no damage.
The minotaur gores you but does no damage.
The minotaur hits you with a mace!!
* * * LOW HITPOINT WARNING * * *
The minotaur gores you but does no damage.
The minotaur barely misses you. You block the minotaur's attack.
The minotaur barely misses you. You block the minotaur's attack.
The minotaur hits you but does no damage.
You block the minotaur's attack. You block the minotaur's attack.
The minotaur gores you.
* * * LOW HITPOINT WARNING * * *
The minotaur hits you with a mace!!
* * * LOW HITPOINT WARNING * * *
You block the minotaur's attack.
The minotaur hits you but does no damage.
You block the minotaur's attack.
The minotaur hits you but does no damage.
You block the minotaur's attack. You block the minotaur's attack.
The minotaur gores you but does no damage.
The minotaur hits you with a mace!!
You die...

Skill      XL: |  1  2  3  4  5  6  7  8  9 10 11 |
---------------+----------------------------------+-----
Short Blades   | 2 3 4 5 6 8 9 10 | 10.6
Shields        | 3 4 5 6 7 9 10 | 10.5
Armour         | 3 4 5 6 8 9 10 | 10.5
Fighting       | |  3.0

Action                   |  1- 3 |  4- 6 |  7- 9 | 10-12 || total
-------------------------+-------+-------+-------+-------++-------
Melee: Rapier            |   108 |   209 |   440 |   526 ||  1283
Invok: Heroism           |       |       |     6 |    14 ||    20
  Use: Potion            |       |     1 |     1 |    12 ||    14
       Scroll            |       |       |     8 |     6 ||    14
  Eat: Chunk             |     2 |     7 |    11 |     8 ||    28
       Bread ration      |       |       |     1 |     3 ||     4
       Meat ration       |       |       |       |     1 ||     1
Armor: Scale mail        |    46 |    84 |   113 |    99 ||   342
       Skin              |       |       |       |     8 ||     8
Dodge: Dodged            |    20 |    49 |    90 |    87 ||   246
Block: Shield            |    40 |   105 |   201 |   279 ||   625

Vault maps used:
D:1:      roderic_dead_forest, minmay_tiny_reverse_x
D:3:      first_bread
D:4:      kennysheep_doodads
D:5:      lemuel_zombie_altar_yredelemnul, kennysheep_generic_room_3
D:6:      elyvilon_altar_5, uniq_eustachio
D:7:      grunt_livestock, solitary_fountain
D:8:      minitemple
D:9:      uniq_erica
D:10:     minmay_gate_of_8, david_orc_2, serial_shops, shop_fountains,
          nicolae_transmutations_shop, uniq_sonja, uniq_fannar
D:11:     lair_0_dummy, kennysheep_generic_room_5, uniq_maurice
D:12:     lab_entry_generic, spider_trap
Temple:   eino_narrow_crystal_temple
Lab:      lab_block

Notes
Turn   | Place    | Note
-------+----------+-------------------------------------------
     0 | D:1      | spe3d0 the Demonspawn Fighter began the quest for the Orb.
     0 | D:1      | Reached XP level 1. HP: 18/18 MP: 1/1
    35 | D:1      | Reached skill level 2 in Short Blades
   217 | D:1      | Gained mutation: You have sharp fingernails. [demonic ancestry]
   217 | D:1      | Reached XP level 2. HP: 23/24 MP: 2/2
   440 | D:1      | Reached skill level 3 in Shields
   831 | D:2      | Gained mutation: You have very sharp fingernails. [demonic ancestry]
   831 | D:2      | Reached XP level 3. HP: 26/29 MP: 3/3
  1296 | D:2      | Reached skill level 3 in Armour
  1337 | D:2      | Reached skill level 3 in Short Blades
  1558 | D:2      | Gained mutation: When seriously injured, your bleeding wounds create armour. (AC +0) [demonic ancestry]
  1558 | D:2      | Reached XP level 4. HP: 32/35 MP: 4/4
  2631 | D:3      | Gained mutation: You are partially covered in sharp spines. [demonic ancestry]
  2631 | D:3      | Reached XP level 5. HP: 34/41 MP: 5/5
  3188 | D:4      | Reached skill level 4 in Armour
  3225 | D:4      | Noticed an ogre
  3229 | D:4      | Reached skill level 4 in Short Blades
  3229 | D:4      | Gained mutation: You are mostly covered in sharp spines. [demonic ancestry]
  3229 | D:4      | Reached XP level 6. HP: 47/47 MP: 6/6
  3234 | D:4      | Reached skill level 4 in Shields
  3389 | D:4      | Found a staircase to the Ecumenical Temple.
  3435 | Temple   | Entered the Ecumenical Temple
  3464 | Temple   | Became a worshipper of Warmaster Okawaru
  3554 | D:4      | Gained mutation: Your flesh is cold resistant. (rC+) [demonic ancestry]
  3554 | D:4      | Reached XP level 7. HP: 42/52 MP: 7/7
  3771 | D:5      | Entered Level 5 of the Dungeon
  3877 | D:5      | Reached skill level 5 in Armour
  3957 | D:5      | Reached skill level 5 in Short Blades
  3979 | D:5      | Reached * piety under Okawaru
  4131 | D:5      | Reached skill level 5 in Shields
  4419 | D:5      | Found a basalt altar of Yredelemnul.
  4558 | D:6      | Noticed Eustachio
  4604 | D:6      | Killed Eustachio
  4604 | D:6      | Reached XP level 8. HP: 46/58 MP: 8/8
  4680 | D:6      | Found a white marble altar of Elyvilon.
  4704 | D:6      | Reached skill level 6 in Armour
  4804 | D:6      | Reached ** piety under Okawaru
  4852 | D:6      | Got a spiked helmet
  4858 | D:6      | Identified the cursed +0 helmet of Music {rCorr Str+2 Int+2 Dex-3} (You found it on level 6 of the Dungeon)
  4882 | D:6      | Got a crude rapier
  4883 | D:6      | Identified the +1 rapier "Rabli" {antimagic, Int+5} (You found it on level 6 of the Dungeon)
  4956 | D:6      | Reached skill level 6 in Short Blades
  5159 | D:7      | Reached skill level 6 in Shields
  5751 | D:7      | Noticed a hippogriff
  5768 | D:7      | Killed a hippogriff
  5768 | D:7      | Reached XP level 9. HP: 35/63 MP: 3/9
  5919 | D:7      | Reached skill level 7 in Short Blades
  5919 | D:7      | Reached skill level 7 in Armour
  5929 | D:7      | Reached *** piety under Okawaru
  5929 | D:7      | Reached skill level 7 in Shields
  6138 | D:8      | Found a shimmering altar of Xom.
  6147 | D:8      | Found a radiant altar of Vehumet.
  6148 | D:8      | Found a bloodstained altar of Trog.
  6150 | D:8      | Found an ancient bone altar of Kikubaaqudgha.
  6151 | D:8      | Found a burning altar of Makhleb.
  6677 | D:8      | Reached skill level 8 in Armour
  6709 | D:8      | Reached **** piety under Okawaru
  6722 | D:8      | Reached skill level 8 in Short Blades
  6724 | D:8      | HP: 4/63 [orc priest/divine providence (13)]
  7522 | D:9      | Gained mutation: You are immune to freezing clouds. [demonic ancestry]
  7522 | D:9      | Reached XP level 10. HP: 45/70 MP: 4/10
  7622 | D:9      | Reached skill level 8 in Shields
  7985 | D:9      | Noticed Erica
  7996 | D:9      | Killed Erica
  8288 | D:10     | Entered Level 10 of the Dungeon
  8289 | D:10     | Noticed a gargoyle
  8300 | D:10     | Killed a gargoyle
  8300 | D:10     | Reached ***** piety under Okawaru
  8439 | D:10     | Noticed Fannar
  8464 | D:10     | Killed Fannar
  8464 | D:10     | Reached skill level 9 in Short Blades
  8464 | D:10     | Reached skill level 9 in Armour
  8464 | D:10     | Reached skill level 9 in Shields
  8608 | D:10     | Found a staircase to the Orcish Mines.
  8685 | D:10     | Noticed Sonja
  8687 | D:10     | Noticed a hill giant
  8844 | D:10     | You are cast into the Abyss!
  8844 | D:10     | Cast into level 2 of the Abyss (Sonja)
  8874 | Abyss:2  | Noticed a smoke demon
  8906 | Abyss:2  | Killed a smoke demon
  8939 | Abyss:2  | Noticed a smoke demon
  8972 | Abyss:2  | Killed a smoke demon
  8972 | Abyss:2  | Reached XP level 11. HP: 32/75 MP: 11/11
  9586 | Abyss:2  | Noticed a glowing orange brain
  9587 | Abyss:2  | Noticed a starcursed mass
  9588 | Abyss:2  | Killed an unseen horror
  9608 | D:10     | You pass through the gate.
  9608 | D:10     | Escaped the Abyss
  9756 | D:10     | Killed a hill giant
  9784 | D:10     | Found Butz's Antique Weapon Shoppe.
  9796 | D:10     | Found Roirism's Changing Room.
  9946 | D:10     | Killed Sonja
  9946 | D:10     | Received a gift from Okawaru
 10076 | D:10     | Found a runed door.
 10076 | D:10     | Noticed a great orb of eyes
 10076 | D:10     | Noticed a wolf spider
 10076 | D:10     | Noticed an ice dragon
 10078 | D:10     | Noticed a glowing orange brain
 10078 | D:10     | Noticed an ettin
 10078 | D:10     | Noticed a shock serpent
 10078 | D:10     | Noticed an ettin
 10078 | D:10     | Noticed a frost giant
 10078 | D:10     | Noticed a swamp dragon
 10078 | D:10     | a glowing orange brain changed into a swamp dragon
 10143 | D:11     | Reached skill level 10 in Short Blades
 10438 | D:11     | Gained mutation: You possess an exceptional clarity of mind. [mutagenic meat]
 10439 | D:11     | Gained mutation: Your spells are a little easier to cast, but a little less powerful. [mutagenic meat]
 10440 | D:11     | Gained mutation: You occasionally shout uncontrollably at your foes. [mutagenic meat]
 10441 | D:11     | Gained mutation: You passively map a small area around you. [mutagenic meat]
 10442 | D:11     | Gained mutation: You are resistant to electric shocks. (rElec) [mutagenic meat]
 10487 | D:11     | Noticed Maurice
 10514 | D:11     | Killed Maurice
 10514 | D:11     | Reached skill level 10 in Armour
 10563 | D:11     | Found a staircase to the Lair.
 10668 | D:11     | Reached skill level 10 in Shields
 10708 | D:11     | Received a gift from Okawaru
 11485 | D:12     | Noticed a hill giant
 11485 | D:12     | Found a labyrinth entrance.
 11495 | D:12     | Killed a hill giant
 11557 | Lab      | Entered a labyrinth
 14189 | Lab      | Noticed a minotaur
 14197 | Lab      | Gained mutation: You have supernaturally acute eyesight. (SInv) [potion of beneficial mutation]
 14202 | Lab      | Gained mutation: Your flesh is heat resistant. (rF+) [potion of mutation]
 14223 | Lab      | Slain by a minotaur

Vanquished Creatures
  Fannar (D:10)
  Erica (D:9)
  Sonja (D:10)
  An unseen horror (Abyss:2)
  2 hill giants
  2 manticores (D:11)
  Maurice (D:11)
  2 smoke demons (Abyss:2)
  3 gargoyles
  A troll (D:11)
  A two-headed ogre (D:8)
  A minotaur skeleton (Lab)
  A hornet (D:9)
  4 hippogriffs
  A large abomination (Abyss:2)
  A hungry ghost (D:12)
  Eustachio (D:6)
  A human (D:7)
  4 hogs (D:7)
  A mottled dragon (D:12)
  4 orc warriors
  A black bear (D:10)
  7 ice beasts
  An eye of draining (D:7)
  4 sky beasts
  7 ogres
  4 phantoms
  2 centaurs
  A crocodile (D:12)
  3 big kobolds
  A gnoll sergeant (D:10)
  6 bullfrogs
  3 wights (Abyss:2)
  5 jellies
  3 crimson imps
  10 hounds
  A quasit (D:7)
  A bullfrog skeleton (D:4)
  An iron imp (Abyss:2)
  2 orc priests
  4 iguanas
  11 orc wizards
  15 worker ants
  A hound zombie (D:6)
  A howler monkey zombie (D:8)
  A worker ant zombie (D:10)
  14 gnolls
  2 howler monkey skeletons
  13 adders
  2 shadow imps
  2 oozes
  An adder zombie (D:5)
  7 worms
  3 dart slugs
  8 leopard geckos
  54 orcs
  2 giant cockroaches
  2 gnoll zombies (D:5)
  8 hobgoblins
  2 jackals (D:5)
  22 kobolds
  5 quokkas
  A ball python (D:5)
  9 bats
  5 frilled lizards
  8 goblins
  A leopard gecko zombie (D:7)
  4 rats
306 creatures vanquished.

Vanquished Creatures (others)
  3 raiju (Abyss:2)
  2 small abominations (Abyss:2)
  4 golden eyes (Abyss:2)
  A centaur skeleton (Abyss:2)
10 creatures vanquished.

Grand Total: 316 creatures vanquished
